 Dungeon Crawl Stone Soup version 0.31-a0-23-gcbde74481b (webtiles) character file.

Game seed: 5091589860011173782

111 pk666 the Magician (level 4, 0/24 HPs)
             Began as a Deep Elf Hedge Wizard on May 14, 2023.
             Slain by a gnoll
             ... wielding a +0 club
             ... led by a gnoll bouda
              (7 damage)
             ... on level 4 of the Dungeon.
             The game lasted 00:04:19 (2729 turns).

pk666 the Magician (Deep Elf Hedge Wizard)          Turns: 2729, Time: 00:04:20

Health: 0/24       AC:  3    Str:  7    XL:     4   Next: 62%
Magic:  13/13      EV: 13    Int: 21    God:
Gold:   191        SH:  0    Dex: 20    Spells: 7/13 levels left

rFire   . . .        a - +0 dagger
rCold   . . .        (no shield)
rNeg    . . .        b - +0 robe
rPois   .            c - +0 hat
rElec   .            (no cloak)
rCorr   +            (no gloves)
SInv    .            w - +0 pair of boots "Vahogiw" {rCorr Dex+6}
Will    .....        (no amulet)
Stlth   ++           (no ring)
HPRegen 0.24/turn    (no ring)
MPRegen 0.13/turn

%: no passive effects
@: no status effects
A: no striking features
a: no special abilities


You were on level 4 of the Dungeon.
You visited 1 branch of the dungeon, and saw 4 of its levels.

You collected 191 gold pieces.

Inventory:

Hand Weapons
 a - a +0 dagger (weapon)
Armour
 b - a +0 robe (worn)
 c - a +0 hat (worn)
 w - the +0 pair of boots "Vahogiw" (worn) {rCorr Dex+6}
   (You found it on level 2 of the Dungeon)

   Dex:       It affects your dexterity (+6).
   rCorr:     It protects you from acid and corrosion.
Jewellery
 g - a ring of fire
Wands
 t - a wand of digging (6)
Scrolls
 h - 5 scrolls of identify {unknown}
 i - 2 scrolls of silence {unknown}
 m - 2 scrolls of blinking {unknown}
 q - 2 scrolls of teleportation {unknown}
 r - a scroll of noise {unknown}
 s - a scroll of enchant weapon {unknown}
 v - a scroll of acquirement {unknown}
 x - a scroll of magic mapping {unknown}
Potions
 d - a potion of magic
 e - a potion of mutation {unknown}
 f - a potion of lignification {unknown}
 j - 2 potions of attraction {unknown}
 k - a potion of berserk rage {unknown}
 l - a potion of invisibility {unknown}
 n - 2 potions of brilliance {unknown}
 o - a potion of ambrosia {unknown}
 p - a potion of curing {unknown}
 u - a potion of degeneration {unknown}
 z - 2 potions of heal wounds {unknown}
 A - a potion of might {unknown}
 B - a potion of flight {unknown}


   Skills:
 - Level 2.4 Dodging
 - Level 2.4 Stealth
 + Level 5.1 Spellcasting
 * Level 3.1 Conjurations
 - Level 1.1 Summonings
 - Level 1.8 Translocations
 + Level 1.0 Air Magic
 * Level 1.9 Poison Magic


You had 7 spell levels left.
You knew the following spells:

 Your Spells              Type           Power      Damage    Failure   Level
a - Magic Dart            Conj           72%        1d6       3%          1
b - Blink                 Tloc           26%        N/A       8%          2
c - Mephitic Cloud        Conj/Pois/Air  14%        N/A       14%         3

Your spell library contained the following spells:

 Spells                   Type           Power      Damage    Failure   Level
 Slow                     Hex            20%        N/A       11%         1
 Call Imp                 Summ           20%        N/A       11%         2
 Cigotuvi's Dreadful Rot  Necr/Pois/Air  18%        N/A       11%         2


Dungeon Overview and Level Annotations

Branches:
Dungeon (4/15)
 Temple: D:4-7

Altars:


Message History

2 gnolls come into view.
There are monsters nearby!
Casting: Magic Dart (safe; 3% risk of failure)
Confirm with . or Enter, or press ? or * to list all spells.
Aiming: Magic Dart (safe; 3% risk of failure)
Press: ? - help, Shift-Dir - straight line, f - gnoll
Aim: a gnoll, wielding a +0 club (asleep, 100% to hit)
The magic dart hits the gnoll.
The gnoll is moderately wounded.
The gnoll shouts!
You hear a shout!
The gnoll shouts!
Casting: Magic Dart (safe; 3% risk of failure)
Confirm with . or Enter, or press ? or * to list all spells.
Aiming: Magic Dart (safe; 3% risk of failure)
Press: ? - help, Shift-Dir - straight line, f/p - gnoll
Aim: a gnoll, wielding a +0 club (moderately wounded, 100% to hit)
The magic dart hits the gnoll.
The gnoll is heavily wounded.
A ball python comes into view.
A gnoll bouda comes into view. It is wielding a +0 club.
The gnoll hits you with a +0 club! The gnoll attacks as you move away!
The gnoll hits you but does no damage.
The gnoll bouda calls upon its god to heal the gnoll.
The gnoll is healed somewhat.
The gnoll bouda barks out a call to the hunt!
The gnolls pick up the pace!
The gnoll attacks as you move away! The gnoll barely misses you. x2
The gnoll attacks as you move away! The gnoll hits you with a +0 club.
The gnoll attacks as you move away! The gnoll hits you with a +0 club.
The gnoll hits you but does no damage. The gnoll attacks as you move away!
The gnoll hits you with a +0 club!
* * * LOW HITPOINT WARNING * * *
The gnoll closely misses you.
Casting: Magic Dart (safe; 3% risk of failure)
Confirm with . or Enter, or press ? or * to list all spells.
You don't know that spell.
The gnoll is no longer moving quickly.
The gnoll attacks as you move away! The gnoll misses you.
There is a stone staircase leading up here.
The gnoll hits you with a +0 club!
You die...

#.#######'#######
#................
#######>#######.#######
#.g........# #.#......
#.#####..#.# #.'......
#.# ##.#.# ###.....)
#.# #...######......
#.# ####..#.......####
#g# #@g..[#.......# #.#
####..........# #g#
#.........≈....+
#......#.######..≈....#
#g##.#.# ##.≈(#### #
..#.# ...≈... .## #
###...### #. #...# #.
#.#..


You could see a gnoll.

Vanquished Creatures
  Robin (D:2)
  3 adders (D:2)
  A worm (D:2)
  2 dart slugs (D:2)
  3 bats
  4 endoplasms
  4 giant cockroaches
  12 goblins
  8 hobgoblins
  4 kobolds
  A quokka (D:3)
  6 ball pythons
  6 frilled lizards
  5 rats
60 creatures vanquished.

Notes
Turn   | Place    | Note
-------+----------+-------------------------------------------
     0 | D:1      | pk666 the Deep Elf Hedge Wizard began the quest for the
                  | Orb.
     0 | D:1      | Reached XP level 1. HP: 10/10 MP: 7/7
     2 | D:1      | Noticed a meteoran
     4 | D:1      | Noticed a human
     4 | D:1      | Noticed an armataur
     6 | D:1      | Noticed a tengu
     6 | D:1      | Noticed an elf
     8 | D:1      | Noticed a gargoyle
     8 | D:1      | Noticed a merfolk
    10 | D:1      | Noticed a demonspawn
    10 | D:1      | Noticed a vampire
    12 | D:1      | Noticed a felid
    12 | D:1      | Noticed a vine stalker
    14 | D:1      | Noticed a draconian
    14 | D:1      | Noticed a spriggan
    16 | D:1      | Noticed a troll
    16 | D:1      | Noticed an ogre
    19 | D:1      | Noticed a minotaur
    19 | D:1      | Noticed a formicid
    21 | D:1      | Noticed a naga
    21 | D:1      | Noticed a demigod
    23 | D:1      | Noticed an octopode
    25 | D:1      | Noticed a ghoul
    25 | D:1      | Noticed a troll
    27 | D:1      | Noticed a gargoyle
    27 | D:1      | Noticed a vine stalker
   270 | D:1      | Reached XP level 2. HP: 15/15 MP: 6/9
   702 | D:2      | Learned a level 2 spell: Blink
   804 | D:2      | Reached XP level 3. HP: 19/19 MP: 0/11
   899 | D:2      | Learned a level 3 spell: Mephitic Cloud
  1082 | D:2      | Noticed Robin
  1325 | D:3      | Reached skill level 5 in Spellcasting
  1722 | D:3      | Reached skill level 1 in Poison Magic
  1882 | D:2      | Identified the +0 pair of boots "Vahogiw" {rCorr Dex+6}
  1952 | D:2      | Reached XP level 4. HP: 5/24 MP: 1/13
  2127 | D:2      | Killed Robin
  2245 | D:2      | Reached skill level 1 in Air Magic
  2729 | D:4      | Slain by a gnoll

Illustrated notes

Levels and vault maps discovered:
D:1:      kb_arrival_jail, layout_rooms, minmay_ruptured
D:2:      layout_rooms, uniq_robin
D:3:      layout_basic
D:4:      layout_basic, nzn_wu_jian_council_hall, mainiacjoe_overflow_boulevard,
          minmay_temple_entry_mist, ebering_ghost_reflecting_pool

Skill      XL: |  1  2  3  4 |
---------------+-------------+-----
Conjurations   | 2 3 |  3.1
Spellcasting   | 5 |  5.1
Poison Magic   | 1 |  1.9
Air Magic      | 1 |  1.0
Dodging        | |  2.4
Stealth        | |  2.4
Summonings     | |  1.1
Translocations | |  1.8

Action                     |  1- 3 |  4- 6 || total
---------------------------+-------+-------++-------
  Melee: Dagger            |     6 |     1 ||     7
   Cast: Magic Dart        |   116 |    39 ||   155
 Armour: Robe              |     4 |     2 ||     6
  Dodge: Dodged            |    14 |    12 ||    26

Table legend: (Time is in decaauts)
 A = Elapsed time spent in this place.
 B = Non-inter-level travel time spent in this place.
 C = Inter-level travel time spent in this place.
 D = Time resting spent in this place.
 E = Time spent auto-exploring this place.
 F = Levels seen in this place.
 G = Mean time per level.
                   A        B        C        D        E       F      G
               +--------+--------+--------+--------+--------+-----+--------+
         Total |   2728 |   2642 |     86 |    435 |   1854 |   4 |  682.0 |
       Dungeon |   2728 |   2642 |     86 |    435 |   1854 |   4 |  682.0 |
               +--------+--------+--------+--------+--------+-----+--------+

Top non-repeatable levels by time:
     D:2: 1034 daAuts
     D:1: 803 daAuts
     D:3: 790 daAuts
     D:4: 100 daAuts
